 Dungeon Crawl Stone Soup version 0.30-a0-347-gf58ed5266c (webtiles) character file.

Game seed: 966528622138116621

118271 themarg the Warrior (level 16, -8/238 HPs)
             Began as an Armataur Fighter on Nov 6, 2022.
             Was the Champion of Nemelex Xobeh.
             Mangled by a tengu warrior
             ... wielding a +2 antimagic war axe
              (11 damage)
             ... on level 12 of the Dungeon on Nov 7, 2022.
             The game lasted 02:19:05 (26941 turns).

themarg the Warrior (Armataur Fighter)             Turns: 26941, Time: 02:19:05

Health: -8/238     AC: 38    Str: 32    XL:     16   Next: 25%
Magic:  27/27      EV:  7    Int: 11    God:    Nemelex Xobeh [******]
Gold:   509        SH: 15    Dex: 15    Spells: 15/15 levels left

rFire   + + .      SeeInvis +    Z - +4 morningstar of Noon {vorpal, rPois rC+ SInv}
rCold   + + .      Faith    .    E - +1 kite shield {reflect}
rNeg    + . .      Spirit   .    t - +3 plate armour {rPois}
rPois   +          Reflect  +    Q - +2 helmet
rElec   +          Harm     .    b - +2 cloak {rF+}
rCorr   +          Roll     +    q - +2 pair of gloves
Will    +....      Rage     3%   z - +6 lightning scales {swift, rElec}
Stlth   .......... NoCast   +    F - amulet of Zieh {Reflect -Cast Str+7 Slay+3 SH+5}
HPRegen 0.59/turn                k - ring "Cify" {rPois rF+ Str-3 Int+3 Dex+3}
MPRegen 0.20/turn                d - ring of Terra Nullius {rC+ rN+ rCorr}

@: berserking, studying Dodging, very quick
A: large, rugged brown scales 3, deformed body, armoured tail, roll, long
tongue, awkward tongue, berserk 1
a: Renounce Religion, Draw Escape, Draw Destruction, Draw Summoning, Triple
Draw, Deal Four, Stack Five


You were on level 12 of the Dungeon.
You worshipped Nemelex Xobeh.
Nemelex Xobeh was exalted by your worship.
You visited 4 branches of the dungeon, and saw 23 of its levels.
You visited 1 bazaar.
You also visited: Ossuary, Gauntlet and Volcano.

You collected 3277 gold pieces.
You spent 2768 gold pieces at shops.

Inventory:

Hand Weapons
 Z - the +4 morningstar of Noon (weapon) {vorpal, rPois rC+ SInv}
   (You bought it in a shop on level 2 of the Orcish Mines)

   It inflicts extra damage upon your enemies.
   rC:        It protects you from cold.
   rPois:     It protects you from poison.
   SInv:      It lets you see invisible.
Missiles
 y - 3 throwing nets (quivered)
 P - 3 silver boomerangs
 Y - 10 boomerangs
Armour
 b - a +2 cloak of fire resistance (worn)
 q - a +2 pair of gloves (worn)
 t - a +3 plate armour of poison resistance (worn)
 z - the +6 lightning scales (worn) {swift, rElec}
   (You acquired it on level 9 of the Dungeon)

   It allows the wearer to cover ground more swiftly.
   rElec:     It insulates you from electricity.
 E - a +1 kite shield of reflection (worn)
 Q - a +2 helmet (worn)
Jewellery
 d - the ring of Terra Nullius (right hand) {rC+ rN+ rCorr}
   (You bought it in a shop in a bazaar)

   [ring of resist corrosion]

   rC:        It protects you from cold.
   rN:        It protects you from negative energy.
   rCorr:     It protects you from acid and corrosion.
 k - the ring "Cify" (left hand) {rPois rF+ Str-3 Int+3 Dex+3}
   (You found it in a Gauntlet)

   [ring of protection from fire]

   Str:       It affects your strength (-3).
   Int:       It affects your intelligence (+3).
   Dex:       It affects your dexterity (+3).
   rF:        It protects you from fire.
   rPois:     It protects you from poison.
 F - the amulet of Zieh (around neck) {Reflect -Cast Str+7 Slay+3 SH+5}
   (You found it in a Gauntlet)

   [amulet of reflection]

   It reflects blocked missile attacks.
   Str:       It affects your strength (+7).
   Slay:      It affects your accuracy & damage with ranged weapons and melee
   (+3).
   -Cast:     It prevents spellcasting.
   SH:        It affects your SH (+5).
 K - a ring of flight
 V - a ring of protection from fire
Wands
 o - a wand of iceblast (19)
 p - a wand of paralysis (62)
 s - a wand of flame (24)
 w - a wand of polymorph (19)
 H - a wand of mindburst (9)
 J - a wand of acid (13)
 M - a wand of digging (7)
Scrolls
 c - a scroll of silence
 e - 3 scrolls of brand weapon
 f - 5 scrolls of enchant weapon
 h - a scroll of noise
 i - 6 scrolls of amnesia
 n - 6 scrolls of fear
 u - 6 scrolls of magic mapping
 x - 7 scrolls of blinking
 A - 5 scrolls of vulnerability
 B - 8 scrolls of immolation
 D - 3 scrolls of summoning
 G - 5 scrolls of poison
 T - 6 scrolls of teleportation
 U - 4 scrolls of butterflies
Potions
 a - a potion of lignification
 g - 6 potions of curing
 j - a potion of brilliance
 l - 3 potions of magic
 m - 3 potions of mutation
 r - 8 potions of attraction
 v - a potion of ambrosia
 C - 7 potions of flight
 I - 3 potions of heal wounds
 L - 3 potions of resistance
 N - 4 potions of haste
 R - 3 potions of cancellation
 S - 2 potions of invisibility
 W - 2 potions of berserk rage
 X - 3 potions of might
Miscellaneous
 O - a lightning rod (4/4)


   Skills:
 - Level 15.0 Fighting
 + Level 12.6 Maces & Flails
 - Level 11.5 Armour
 - Level 10.0 Dodging
 - Level 3.0 Stealth
 - Level 5.0 Shields
 - Level 15.0 Invocations
 - Level 5.0 Evocations


You had 15 spell levels left.
You didn't know any spells.
Your spell library contained the following spells:

 Spells                   Type           Power      Damage    Failure   Level
 Apportation              Tloc           0%         N/A       99%         1
 Necrotise                Necr           0%         1d4       99%         1
 Sting                    Tmut/Pois      0%         1d3       99%         1
 Summon Small Mammal      Summ           0%         N/A       99%         1
 Blink                    Tloc           0%         N/A       100%        2
 Momentum Strike          Conj/Tloc      0%         3d8       100%        2
 Poisonous Vapours        Pois/Air       0%         N/A       100%        2
 Scorch                   Fire           0%         2d5       100%        2
 Call Canine Familiar     Summ           0%         N/A       100%        3
 Dazzling Flash           Conj/Hex       0%         N/A       100%        3
 Ignite Poison            Fire/Tmut/Pois 0%         N/A       100%        3
 Kindle Blastsparks       Fire/Tloc/Air  0%         2d10      100%        3
 Lesser Beckoning         Tloc           0%         N/A       100%        3
 Portal Projectile        Hex/Tloc       0%         N/A       100%        3
 Summon Guardian Golem    Hex/Summ       0%         N/A       100%        3
 Flame Wave               Conj/Fire      0%         2d4       100%        4
 Fulminant Prism          Conj/Hex       0%         3d5       100%        4
 Iskenderun's Mystic Bla  Conj/Tloc      0%         2d3       100%        4
 Leda's Liquefaction      Hex/Erth       0%         N/A       100%        4
 Olgreb's Toxic Radiance  Pois           0%         N/A       100%        4
 Passage of Golubria      Tloc           0%         N/A       100%        4
 Petrify                  Tmut/Erth      0%         N/A       100%        4
 Sticky Flame             Conj/Fire      0%         2d3       100%        4
 Agony                    Necr           0%         N/A       100%        5
 Alistair's Intoxication  Tmut/Pois      0%         N/A       100%        5
 Borgnjor's Vile Clutch   Necr/Erth      0%         N/A       100%        5
 Lee's Rapid Deconstruct  Erth           0%         3d4*      100%        5
 Metabolic Englaciation   Hex/Ice        0%         N/A       100%        5
 Silence                  Hex/Air        0%         N/A       100%        5
 Summon Forest            Summ/Tloc      0%         N/A       100%        5
 Summon Mana Viper        Hex/Summ       0%         N/A       100%        5
 Yara's Violent Unravell  Hex/Tmut       0%         3d3       100%        5
 Eringya's Noxious Bog    Tmut/Pois      0%         N/A       100%        6
 Statue Form              Tmut/Erth      0%         N/A       100%        6
 Summon Cactus Giant      Summ           0%         N/A       100%        6
 Enfeeble                 Hex            0%         N/A       100%        7
 Ignition                 Fire           0%         3d3       100%        8
 Lehudib's Crystal Spear  Conj/Erth      0%         10d2      100%        8


Dungeon Overview and Level Annotations

Branches:
Dungeon (15/15)            Temple (1/1) D:7            Lair (5/5) D:9
 Shoals (0/4) Lair:3       Spider (0/4) Lair:2        Slime (0/5) Lair:5
    Orc (2/2) D:12            Elf (0/3) Orc:2        Vaults (0/5) D:14
 Depths (0/4) D:15        Ossuary (visited)         Volcano (visited)
Gauntlet (visited)

Altars:
Ashenzari
Cheibriados
Dithmenos
Elyvilon
Fedhas
Gozag
Hepliaklqana
Kikubaaqudgha
Makhleb
Nemelex Xobeh
Okawaru
Qazlal
Ru
Sif Muna
Trog
Uskayaw
Vehumet
Wu Jian
Xom
Yredelemnul
Zin
The Shining One
Jiyva

Shops:
D:1 [   D:6 *   D:13 ?   Orc:1 *   Orc:2 ([**:

Annotations:
D:12 1 transporter


Innate Abilities, Weirdness & Mutations

You are completely covered in rugged brown scales. (AC +3, +7% HP)
Armour fits poorly on your strangely shaped body.
You have a long armoured tail.
You roll when moving toward enemies. (Rampage)
Your long tongue fully drains potion bottles. (2x potion effects)
Your tongue gives you trouble enunciating. (1.5x scroll delay)
You sometimes lose your temper in combat.


Message History

The tengu warrior is heavily wounded.
The tengu warrior hits you with a +2 vorpal mace!
* * * LOW HITPOINT WARNING * * *
x2 The tengu warrior pecks you but does no damage.
The tengu warrior claws you but does no damage.
You are too berserk!
Okay, then.
You impale the tengu warrior!!
The tengu warrior is almost dead.
You block the moth of wrath's attack. You block the tengu warrior's attack.
The tengu warrior pecks you but does no damage.
The tengu warrior claws you but does no damage.
You impale the tengu warrior!!
You kill the tengu warrior!
The moth of wrath goads the tengu warrior on!
The tengu warrior goes berserk!
The tengu warrior blocks your attack.
Your tail-slap misses the tengu warrior.
The tengu warrior hits you but does no damage.
You block the tengu warrior's attack. x2
The moth of wrath bites you but does no damage.
You barely miss the tengu warrior.
The tengu warrior hits you but does no damage.
You block the tengu warrior's attack.
The tengu warrior claws you but does no damage.
The moth of wrath bites you but does no damage.
You closely miss the tengu warrior.
The tengu warrior hits you but does no damage.
The tengu warrior pecks you but does no damage.
You block the tengu warrior's attack.
You impale the tengu warrior!!
The tengu warrior is heavily wounded.
You block the moth of wrath's attack. You block the tengu warrior's attack.
The tengu warrior barely misses you. The tengu warrior claws you.
* * * LOW HITPOINT WARNING * * *
You sock the moth of wrath! You tail-slap the moth of wrath!!
The moth of wrath is severely wounded.
The tengu warrior hits you with a +2 antimagic war axe!
You die...
Your body disappears without a glow.

####.## ##..## #..T..##..#.# #
.##...###...####...#.##....# #
#..........##.#≈#.###.##.[.######
..#...###..#..##)?!≈*#.#........#
####.## #..#©.y.._)###.#..#######
# #.# #..#T.##.......#..# # #.#
#..##..#§#....##..# # #.#
#...#..###....#...# #.#
##..####@QC..##..## #.#
#...###.yT###...######## #.#
##....#####....#........ #.#
###....©....###.######. ####.#
###.....### #.# #.
§§...#########...#### #.######.
≈##..............# #.##.....
≈##...########...# #........
§#.....# ##.## ####.####


You could see an ettin, a tengu warrior (berserk), a moth of wrath and a troll.

Vanquished Creatures
  Rupert (D:14)
  Gastronok (Lair:3)
  2 orc warlords
  A stone giant (Volcano)
  A dire elephant (Lair:3)
  A minotaur (Gauntlet)
  Josephine (D:10)
  A catoblepas (Gauntlet)
  4 hydras
  The ghost of Ohasal the Cudgeller, a novice TrGl of Fedhas (D:12)
  Erica (D:9)
  3 centaur warriors
  2 dancing weapons (D:14)
  6 death yaks (Gauntlet)
  4 boulder beetles
  2 tengu warriors
  8 two-headed ogres
  5 orc high priests (Orc:2)
  4 skeletal warriors (D:8)
  Amaemon (Lair:3)
  A swamp dragon (Lair:5)
  3 orc knights (Orc:2)
  7 orc sorcerers
  9 ugly things
  7 cyclopes
  3 wolf spiders
  4 manticores
  19 elephants
  A worldbinder (Gauntlet)
  8 black mambas
  A merfolk siren (Lair:3)
  A guardian serpent (Lair:5)
  2 molten gargoyles (Gauntlet)
  6 gargoyles
  3 torpor snails
  14 cane toads
  5 rime drakes
  An orange demon (Lair:3)
  A freezing wraith (D:14)
  6 komodo dragons
  3 tengu conjurers
  2 efreet
  A merfolk (Orc:2)
  A queen bee (shapeshifter) (D:15)
  9 trolls
  3 polar bears
  3 meliai (D:13)
  2 slime creatures (D:15)
  4 hornets
  4 blink frogs (Lair:3)
  2 jumping spiders (shapeshifter) (D:15)
  A spriggan (Lair:3)
  Sigmund (D:5)
  5 shadows
  3 culicivoras (Lair:2)
  5 wraiths
  A yak (shapeshifter) (D:14)
  6 basilisks
  A fire elemental (Volcano)
  A human (D:5)
  33 yaks
  10 wyverns
  4 redbacks (Lair:5)
  7 steam dragons
  5 wargs (Orc:1)
  3 acid dragons
  29 water moccasins
  2 black bears
  2 sky beasts (D:7)
  2 ice beasts
  3 swamp drakes (Lair:5)
  A sky beast (shapeshifter) (D:12)
  29 orc warriors
  7 ogres
  3 boggarts (Gauntlet)
  17 wolves
  4 phantoms
  5 centaurs
  3 kobold brigands (D:8)
  17 bullfrogs
  A gnoll sergeant (D:8)
  An elf zombie (Ossuary)
  3 scorpions
  A necrophage (D:8)
  4 wights
  5 killer bees
  An electric eel (Lair:5)
  6 howler monkeys
  2 centaur zombies (Ossuary)
  20 orc priests
  3 human zombies (Ossuary)
  8 jellies
  A hound (D:5)
  Terence (D:3)
  6 iguanas
  4 hell rats (Lair:3)
  34 orc wizards
  8 ogre zombies (D:12)
  2 mummies (Ossuary)
  12 gnolls
  5 adders
  4 white imps
  2 adder zombies (Ossuary)
  5 worms
  3 dart slugs
  96 orcs
  17 endoplasms
  4 hobgoblins
  8 jackals
  11 kobolds
  8 quokkas
  7 ball pythons
  6 bats
  10 goblins
  2 goblin skeletons (D:12)
  7 goblin zombies
  10 hobgoblin zombies
  2 jackal zombies (Ossuary)
  7 kobold zombies (Ossuary)
  An orc skeleton (D:12)
  24 orc zombies
  6 rats
764 creatures vanquished.

Vanquished Creatures (collateral kills)
  A quicksilver dragon (Lair:3)
  A fire dragon (Lair:5)
  A shining eye (Lair:3)
  4 elephants (Lair:3)
  A rime drake (Lair:3)
  A meliai (Lair:3)
  A polar bear (Lair:3)
  A culicivora (Lair:3)
  A wyvern (Lair:3)
  A fire bat (Lair:3)
  2 golden eyes (Lair:3)
  A warg (Lair:3)
  4 wolves
  3 orc priests (Orc:2)
  An orc wizard (Orc:2)
  A worm (Orc:2)
  A bat (Orc:2)
26 creatures vanquished.

Vanquished Creatures (others)
  A shadow imp (D:7)
  118 fungi
  120 plants
239 creatures vanquished.

Grand Total: 1029 creatures vanquished

Notes
Turn   | Place    | Note
-------+----------+-------------------------------------------
     0 | D:1      | themarg the Armataur Fighter began the quest for the Orb.
     0 | D:1      | Reached XP level 1. HP: 19/19 MP: 1/1
   286 | D:1      | Found Saarih's Armour Shoppe.
   405 | D:1      | Reached skill level 1 in Stealth
   525 | D:1      | Reached XP level 2. HP: 25/27 MP: 2/2
  1078 | D:2      | Reached XP level 3. HP: 33/33 MP: 3/3
  1936 | D:2      | Reached XP level 4. HP: 29/42 MP: 4/4
  2244 | D:3      | Noticed Terence
  2251 | D:3      | Killed Terence
  2519 | D:3      | Reached XP level 5. HP: 44/50 MP: 5/5
  2746 | D:3      | Reached skill level 5 in Fighting
  3101 | D:4      | Noticed a black bear
  3106 | D:4      | Killed a black bear
  3107 | D:4      | Reached XP level 6. HP: 60/60 MP: 6/6
  3668 | D:4      | Reached XP level 7. HP: 58/68 MP: 7/7
  3851 | D:5      | Entered Level 5 of the Dungeon
  3851 | D:5      | Noticed Sigmund
  4021 | D:5      | Killed Sigmund
  4057 | D:5      | Reached XP level 8. HP: 26/80 MP: 8/8
  4163 | D:5      | Found a sand-covered staircase.
  4167 | Ossuary  | Entered an ossuary
  5007 | D:5      | Found a runed translucent door.
  5011 | D:5      | Found a basalt altar of Yredelemnul.
  5041 | D:5      | Reached skill level 10 in Fighting
  5463 | D:6      | Reached skill level 5 in Armour
  5509 | D:6      | Found Pepiel's General Store.
  5518 | D:6      | Bought a scroll of identify for 26 gold pieces
  5561 | D:6      | Identified the +1 dagger of Denuo {freeze, rPois}
  5840 | D:7      | Reached skill level 5 in Shields
  5840 | D:7      | Reached XP level 9. HP: 60/90 MP: 9/9
  5874 | D:7      | Found a staircase to the Ecumenical Temple.
  5883 | Temple   | Entered the Ecumenical Temple
  6169 | D:7      | Reached skill level 1 in Evocations
  6442 | Temple   | Became a worshipper of Nemelex Xobeh the Trickster
  6489 | D:7      | Reached skill level 1 in Invocations
  7057 | D:8      | Found a shimmering altar of Xom.
  7063 | D:8      | Noticed a two-headed ogre
  7073 | D:8      | Killed a two-headed ogre
  7262 | D:8      | Found a glowing golden altar of the Shining One.
  7262 | D:8      | Found an ancient bone altar of Kikubaaqudgha.
  7269 | D:8      | Found a hazy altar of Hepliaklqana.
  7273 | D:8      | Found a sacrificial altar of Ru.
  7276 | D:8      | Found a white marble altar of Elyvilon.
  7281 | D:8      | Found a hide-covered altar of Uskayaw.
  7310 | D:8      | Noticed a skeletal warrior
  7310 | D:8      | Noticed a skeletal warrior
  7310 | D:8      | Noticed a skeletal warrior
  7310 | D:8      | Noticed a skeletal warrior
  7315 | D:9      | Reached * piety under Nemelex Xobeh
  7316 | D:9      | Found a blossoming altar of Fedhas.
  7422 | D:8      | Found a broken altar of Ashenzari.
  7479 | D:9      | Reached skill level 5 in Invocations
  7480 | D:9      | Reached XP level 10. HP: 91/102 MP: 13/13
  8003 | D:9      | Found a staircase to the Lair.
  8274 | D:9      | Received a gift from Nemelex Xobeh
  8340 | D:9      | Noticed Erica
  8350 | D:9      | Killed Erica
  8351 | D:9      | Reached skill level 1 in Dodging
  8451 | D:10     | Entered Level 10 of the Dungeon
  8451 | D:10     | Noticed a gargoyle
  8475 | D:9      | Identified a scroll of acquirement
  8477 | D:9      | Acquired the +6 lightning scales {swift, rElec}
  8477 | D:9      | Found the +6 lightning scales {swift, rElec}
  8484 | D:9      | Reached XP level 11. HP: 111/111 MP: 14/19
  8484 | D:9      | Reached XP level 12. HP: 119/119 MP: 14/20
  8566 | D:10     | Noticed a two-headed ogre
  8581 | D:10     | Killed a two-headed ogre
  8792 | D:10     | Noticed Josephine
  9085 | D:10     | Reached ** piety under Nemelex Xobeh
  9133 | D:10     | Killed Josephine
  9659 | D:11     | Reached skill level 5 in Dodging
 10012 | D:11     | Received a gift from Nemelex Xobeh
 10115 | D:11     | Noticed a two-headed ogre
 10130 | D:11     | Killed a two-headed ogre
 10406 | D:11     | Noticed a two-headed ogre
 10420 | D:11     | Killed a two-headed ogre
 10421 | D:11     | Reached XP level 13. HP: 103/127 MP: 21/21
 10599 | D:11     | Received a gift from Nemelex Xobeh
 10800 | Lair:1   | Entered Level 1 of the Lair of Beasts
 11048 | Lair:1   | Reached *** piety under Nemelex Xobeh
 11103 | Lair:1   | Received a gift from Nemelex Xobeh
 11329 | Lair:1   | Received a gift from Nemelex Xobeh
 11339 | Lair:1   | Acquired 792 gold pieces
 11903 | Lair:2   | You fall into a shaft and drop 2 floors!
 11903 | Lair:4   | Reached **** piety under Nemelex Xobeh
 11976 | Lair:3   | Noticed Gastronok
 11984 | Lair:3   | Killed Gastronok
 12003 | Lair:3   | Reached skill level 5 in Evocations
 12506 | Lair:3   | Reached skill level 5 in Maces & Flails
 12522 | Lair:3   | Noticed Kirke
 12526 | Lair:3   | Received a gift from Nemelex Xobeh
 12528 | Lair:3   | Kirke changed into Kirke the quicksilver dragon
 12528 | Lair:3   | Noticed Kirke
 12532 | Lair:3   | Gained mutation: You sometimes lose your temper in combat.
                  | [a shining eye]
 12539 | Lair:3   | Killed Kirke the quicksilver dragon
 12671 | Lair:2   | Found a hole to the Spider Nest.
 13072 | Lair:2   | Reached XP level 14. HP: 142/142 MP: 23/23
 13334 | Lair:3   | Noticed Amaemon
 13341 | Lair:3   | Killed Amaemon
 13364 | Lair:3   | Identified the +0 pair of boots of Parts Unknown {rC+ rN+}
 13581 | Lair:3   | Found a staircase to the Shoals.
 13592 | Lair:3   | Reached skill level 15 in Fighting
 13643 | Lair:3   | Received a gift from Nemelex Xobeh
 14121 | Lair:4   | Received a gift from Nemelex Xobeh
 14179 | Lair:4   | Identified the +3 whip "Benugir" {vorpal, Fragile rElec
                  | rF+++ MP+9 Str+4}
 15006 | Lair:5   | Entered Level 5 of the Lair of Beasts
 15068 | Lair:5   | Received a gift from Nemelex Xobeh
 15995 | Lair:5   | Received a gift from Nemelex Xobeh
 16138 | Lair:5   | Found a viscous altar of Jiyva.
 16138 | Lair:5   | Found a staircase to the Slime Pits.
 16764 | Lair:5   | Received a gift from Nemelex Xobeh
 17432 | D:12     | Noticed Snorg
 17433 | D:12     | Found a gate leading to a gauntlet.
 17435 | D:12     | Snorg changed into Snorg the shapeshifter
 17435 | D:12     | Noticed Snorg
 17437 | D:12     | Snorg the shapeshifter changed into Snorg the sky beast
 17437 | D:12     | Noticed Snorg (shapeshifter)
 17441 | D:12     | Killed Snorg the sky beast
 17449 | Gauntlet | Entered a Gauntlet
 17449 | Gauntlet | Found a transporter.
 17452 | Gauntlet | Found a transporter.
 17456 | Gauntlet | Found a transporter.
 17464 | Gauntlet | Found a transporter.
 17468 | Gauntlet | Found a transporter.
 17476 | Gauntlet | Found a transporter.
 17480 | Gauntlet | Found a transporter.
 17488 | Gauntlet | Found a transporter.
 17492 | Gauntlet | Found a transporter.
 17500 | Gauntlet | Found a transporter.
 17521 | Gauntlet | Found a transporter.
 17533 | Gauntlet | Found a transporter.
 17545 | Gauntlet | Found a transporter.
 17557 | Gauntlet | Found a transporter.
 17672 | Gauntlet | Identified the ring "Cify" {rPois rF+ Str-3 Int+3 Dex+3}
 17712 | Gauntlet | Reached skill level 15 in Invocations
 17712 | Gauntlet | Reached XP level 15. HP: 65/150 MP: 26/26
 17948 | Gauntlet | Identified the amulet of Zieh {Reflect -Cast Str+7 Slay+3
                  | SH+5}
 17998 | Gauntlet | Identified the +10 glaive of Wisef {flame, Dex+3}
 18057 | D:12     | Found a transporter.
 18060 | D:12     | Found a bloodstained altar of Trog.
 18069 | D:12     | Found a transporter.
 18070 | D:12     | Noticed Ohasal's ghost (novice TrGl)
 18083 | D:12     | Found a flickering gateway to a bazaar.
 18091 | Bazaar   | Entered a bazaar
 18105 | Bazaar   | Found Gafor's Book Emporium.
 18121 | Bazaar   | Found Uteubuw's Armour Shoppe.
 18121 | Bazaar   | Found Hiny's Antique Armour Emporium.
 18143 | Bazaar   | Found Zenuqe's Jewellery Emporium.
 18155 | Bazaar   | Reached ***** piety under Nemelex Xobeh
 18155 | Bazaar   | Received a gift from Nemelex Xobeh
 18198 | Bazaar   | Bought a runed plate armour for 780 gold pieces
 18230 | Bazaar   | Bought the ring of Terra Nullius {rC+ rN+ rCorr} for 725
                  | gold pieces
 18512 | D:12     | Found a staircase to the Orcish Mines.
 18840 | D:12     | Found a white marble altar of Elyvilon.
 19565 | Orc:1    | Entered Level 1 of the Orcish Mines
 19635 | Orc:1    | Found Kivecuikk's Assorted Antiques.
 19653 | Orc:1    | Bought a scroll of fear for 136 gold pieces
 19653 | Orc:1    | Bought a scroll of blinking for 255 gold pieces
 19672 | Orc:2    | Entered Level 2 of the Orcish Mines
 19709 | Orc:2    | Found a staircase to the Elven Halls.
 19739 | Orc:2    | Found Rero's General Store.
 19739 | Orc:2    | Noticed Donald
 19740 | Orc:2    | Donald changed into Donald the emperor scorpion
 19740 | Orc:2    | Noticed Donald
 19741 | Orc:2    | Donald the emperor scorpion changed into Donald the merfolk
 19741 | Orc:2    | Noticed Donald
 19744 | Orc:2    | Killed Donald the merfolk
 19773 | Orc:1    | Paralysed by an orc sorcerer for 3 turns
 19905 | Orc:1    | Found a dark tunnel.
 19911 | Volcano  | Entered a volcano
 19970 | Volcano  | Received a gift from Nemelex Xobeh
 20024 | Volcano  | Reached skill level 10 in Maces & Flails
 20862 | Orc:2    | Bought a scroll of identify for 30 gold pieces
 22101 | Orc:2    | Received a gift from Nemelex Xobeh
 22258 | Orc:2    | Found Luihosun's Antique Armour Boutique.
 22259 | Orc:2    | Found Jiofuk's Antique Weapon Shop.
 22261 | Orc:2    | Found Xaxzyhus's General Store.
 22261 | Orc:2    | Found Tel Keto's Book Boutique.
 22498 | Orc:2    | Bought a blackened morningstar for 225 gold pieces
 22498 | Orc:2    | Identified the +4 morningstar of Noon {vorpal, rPois rC+
                  | SInv} (You bought it in a shop on level 2 of the Orcish
                  | Mines)
 23003 | Orc:2    | Bought a scroll of summoning for 152 gold pieces
 23003 | Orc:2    | Bought a potion of curing for 48 gold pieces
 23234 | Orc:1    | Bought a scroll of magic mapping for 255 gold pieces
 23234 | Orc:1    | Bought a scroll of butterflies for 136 gold pieces
 23322 | D:13     | Found Gipumogh's Magic Scroll Boutique.
 23519 | D:13     | Identified the +0 pair of boots "Enohast" {Int+3 Stlth+}
 23878 | D:13     | Received a gift from Nemelex Xobeh
 24168 | D:14     | Reached ****** piety under Nemelex Xobeh
 24443 | D:14     | Received a gift from Nemelex Xobeh
 24588 | D:14     | Found a gate to the Vaults.
 24677 | D:14     | Noticed Rupert
 24787 | D:14     | Killed Rupert
 24788 | D:14     | Reached XP level 16. HP: 159/159 MP: 27/27
 25077 | D:15     | Entered Level 15 of the Dungeon
 25083 | D:15     | Found a staircase to the Depths.
 25191 | D:15     | Received a gift from Nemelex Xobeh
 25729 | D:15     | Received a gift from Nemelex Xobeh
 25766 | D:15     | Found a sacrificial altar of Ru.
 26273 | D:8      | Reached skill level 10 in Dodging
 26648 | D:8      | Found an iron altar of Okawaru.
 26812 | D:8      | Found a burning altar of Makhleb.
 26813 | D:8      | Found a radiant altar of Vehumet.
 26926 | D:12     | Killed Ohasal's ghost
 26934 | D:12     | HP: 3/238 [tengu warrior/+2 vorpal mace (14)]
 26934 | D:12     | HP: 1/238 [tengu warrior/+2 vorpal mace (2)]
 26940 | D:12     | HP: 2/238 [tengu warrior/+2 antimagic war axe (1)]
 26941 | D:12     | Mangled by a tengu warrior

Illustrated notes

Levels and vault maps discovered:
D:1:      scummos_arrival_star, layout_loops_corners, serial_shops,
          nicolae_square_shop, minmay_cut_off
D:2:      layout_basic
D:3:      minmay_diamond_boxcup, layout_rooms, uniq_terence
D:4:      layout_basic
D:5:      layout_loops_ring, dk_yredelemnul_ordeal,
          lightli_ossuary_entry_decrepit_ruins, minmay_misc_feat_doors,
          minmay_misc_feat_plants, uniq_sigmund
D:6:      layout_loops_ring, serial_shops, nicolae_shop_statue_plus
D:7:      layout_loops_ring, minmay_temple_entry_steel_oval
D:8:      minmay_bloctagon, layout_gridville,
          grunt_temple_overflow_lords_of_destruction, okawaru_trees_1,
          nicolae_overflow_hallway_of_the_gods, ashenzari_conservatory_becter,
          mainiacjoe_overflow_surrounded_room
D:9:      layout_roguey, fedhas_altar_1, lair_entry_dummy, st_stairs_3,
          grunt_decor_one_mirror, chequers_avenue, uniq_erica
D:10:     layout_irregular_city, hangedman_abyss_or_decor_passed, uniq_josephine
D:11:     layout_loops_corners
D:12:     layout_loops_corners, zombieorc2_lemuel,
          gammafunk_ghost_wrathful_warriors, gauntlet_entry_generic,
          serial_shops, bzr_entry_water, nicolae_elyvilon_peaceful_grove,
          uniq_snorg
D:13:     layout_stronghold, serial_shops, nicolae_shop_advertising_works
          [nicolae_subvault_shop_adworks]
D:14:     layout_cave_pools, erik_vaults_1, uniq_rupert
D:15:     hangedman_depths_entry_try_elsewhere_first, layout_gridville,
          hangedman_ru_absence
Temple:   nicolae_temple_figure_zero
Lair:1:   layout_gridlike, beast_lair_carwin_5
Lair:2:   layout_roguey, hellmonk_spider_entry_life_and_decay
Lair:3:   mu_elephants_graveyard, layout_chaotic_city,
          minmay_shoals_entry_lonely_mermaid, chequers_serial_rivers_small_a,
          uniq_gastronok, uniq_kirke, uniq_amaemon
Lair:4:   wander_river, layout_loops_ring
Lair:5:   guppyfry_lair_end_dragon, layout_gridlike,
          hangedman_lair_tendril_chambers, nicolae_slime_entry_slimehenge,
          serial_bayou_shore_a
Orc:1:    layout_caves, nicolae_volcano_entry_hallway, serial_shops,
          nicolae_shop_crystal
Orc:2:    st_orc_congregation, layout_diamond_mine, serial_shops, shop,
          uniq_donald

Skill      XL: |  1  2  3  4  5  6  7  8  9 10 11 12 13 14 15 16 |
---------------+-------------------------------------------------+-----
Stealth        | 1 2 3 |  3.0
Fighting       | 3 4 6 8 10 11 12 14 15 | 15.0
Armour         | 5 11 | 11.5
Shields        | 5 |  5.0
Evocations     | 3 5 |  5.0
Invocations    | 5 11 12 15 | 15.0
Dodging        | 1 5 9 10 | 10.0
Maces & Flails | 5 7 11 12 | 12.6

Action                   |  1- 3 |  4- 6 |  7- 9 | 10-12 | 13-15 | 16-18 || total
-------------------------+-------+-------+-------+-------+-------+-------++-------
Melee: Flail             |    98 |   129 |   317 |   279 |  1570 |       ||  2393
       Tailslap          |    10 |    10 |    40 |    49 |   325 |    27 ||   461
       Morningstar       |       |       |       |       |   147 |   175 ||   322
Throw: Dart              |       |       |       |       |     1 |       ||     1
Invok: Draw Destruction  |       |       |       |       |    51 |     1 ||    52
       Draw Summoning    |       |       |       |       |     9 |       ||     9
       Triple Draw       |       |       |       |       |     2 |       ||     2
       Draw Escape       |       |       |       |       |     2 |       ||     2
Evoke: Wand              |       |       |       |     3 |     4 |       ||     7
  Use: Scroll            |     4 |     1 |    10 |     7 |    18 |     2 ||    42
       Potion            |       |     1 |     3 |     2 |     4 |       ||    10
Armor: Scale mail        |    57 |    51 |   187 |   222 |   398 |       ||   915
       Chain mail        |       |       |       |       |   596 |       ||   596
       Plate armour      |       |       |       |       |   346 |   107 ||   453
Dodge: Dodged            |    34 |    25 |   104 |   129 |   411 |    45 ||   748
Block: Buckler           |    14 |    14 |    63 |    69 |     6 |       ||   166
       Kite shield       |       |       |       |       |   930 |   154 ||  1084
       Reflection        |       |       |       |       |    12 |     4 ||    16

Table legend: (Time is in decaauts)
 A = Elapsed time spent in this place.
 B = Non-inter-level travel time spent in this place.
 C = Inter-level travel time spent in this place.
 D = Time resting spent in this place.
 E = Time spent auto-exploring this place.
 F = Levels seen in this place.
 G = Mean time per level.
                   A        B        C        D        E       F      G
               +--------+--------+--------+--------+--------+-----+--------+
         Total |  26914 |  25271 |   1643 |   4992 |  12608 |  27 |  996.8 |
       Dungeon |  15469 |  14471 |    998 |   2383 |   8958 |  15 | 1031.3 |
        Temple |    143 |    134 |      9 |      0 |    112 |   1 |  143.0 |
          Lair |   6718 |   6466 |    252 |   1467 |   2647 |   5 | 1343.6 |
  Orcish Mines |   3305 |   2921 |    384 |    866 |    794 |   2 | 1652.5 |
        Bazaar |    159 |    159 |      0 |      0 |     66 |   1 |  159.0 |
       Ossuary |    281 |    281 |      0 |      0 |     29 |   1 |  281.0 |
       Volcano |    220 |    220 |      0 |     49 |      0 |   1 |  220.0 |
      Gauntlet |    616 |    616 |      0 |    225 |      0 |   1 |  616.0 |
               +--------+--------+--------+--------+--------+-----+--------+

Top non-repeatable levels by time:
   Orc:2: 2455 daAuts
  Lair:5: 2251 daAuts
    D:12: 1506 daAuts
     D:9: 1438 daAuts
  Lair:4: 1368 daAuts
  Lair:3: 1349 daAuts
    D:11: 1237 daAuts
     D:2: 1198 daAuts
     D:7: 1099 daAuts
    D:13: 1009 daAuts
     D:5: 975 daAuts
     D:1: 954 daAuts
    D:15: 952 daAuts
  Lair:1: 948 daAuts
     D:4: 946 daAuts
